SAA
DURHAM RAPIERS @ BELVEDERE PARK RAWHIDES
08/20/2025
 
TOP OF THE 1ST
Durham Rapiers batting - Pitching for Belvedere Park Rawhides : LHP Earnest Cogan
Pitching: LHP Earnest Cogan
Batting: RHB Jesús Martínez 0-0: Fly out, F4 (Line Drive, 4M)
Batting: LHB Jesús Morales 0-0: Ball
1-0: Ball
2-0: Fly out, F4 (Line Drive, 4M)
Batting: RHB Jules Winnfield 0-0: SINGLE (Groundball, 34D)
Batting: RHB Vincent Klein 0-0: Ball
1-0: Swinging Strike
1-1: Foul Ball, location: 2F
1-2: Foul Ball, location: 2F
1-2: Strikes out swinging
Top of the 1st over - 0 run(s), 1 hit(s), 0 error(s), 1 left on base; Durham 0 - Belvedere Park 0
BOTTOM OF THE 1ST
Belvedere Park Rawhides batting - Pitching for Durham Rapiers : RHP Jim Unknown
Pitching: RHP Jim Unknown
Batting: RHB Marlon Cummins 0-0: Ball
1-0: Swinging Strike
1-1: Ball
2-1: Ball
3-1: Ground out 5-3 (Groundball, 56S)
Batting: SHB Manuel González 0-0: Ball
1-0: Ball
2-0: Bunted foul
2-1: Foul Ball, location: 2F
2-2: Ground out U3 (Groundball, 3L)
Batting: LHB José Pérez 0-0: Called Strike
0-1: SINGLE (Groundball, 34) (infield hit)
Batting: RHB Casey Cavell 0-0: Called Strike
0-1: Ball
1-1: Ball
2-1: Foul Ball, location: 2F
2-2: Ball
3-2: Base on Balls
José Pérez to second
Batting: LHB António Serrano 0-0: Swinging Strike
0-1: Fly out, F7 (Flyball, 7LS)
Bottom of the 1st over - 0 run(s), 1 hit(s), 0 error(s), 2 left on base; Durham 0 - Belvedere Park 0
TOP OF THE 2ND
Durham Rapiers batting - Pitching for Belvedere Park Rawhides : LHP Earnest Cogan
Batting: RHB Sean Godron 0-0: Ball
1-0: Fly out, F8 (Line Drive, 8LD)
Batting: RHB Alberto Rodríguez 0-0: Ball
1-0: Ground out 4-3 (Groundball, 4)
Batting: RHB António Díaz 0-0: Fly out, F4 (Popup, 4S)
Top of the 2nd over - 0 run(s), 0 hit(s), 0 error(s), 0 left on base; Durham 0 - Belvedere Park 0
BOTTOM OF THE 2ND
Belvedere Park Rawhides batting - Pitching for Durham Rapiers : RHP Jim Unknown
Batting: RHB Hugo Rampley 0-0: Swinging Strike
0-1: SINGLE (Groundball, 4MD)
Batting: RHB Jesús Calderón 0-0: Called Strike
0-1: Swinging Strike
0-2: Ball
1-2: Strikes out looking
Batting: RHB Fernando Rutledge 0-0: Called Strike
0-1: Grounds into double play, 5-4-3 (Groundball, 5L)
Bottom of the 2nd over - 0 run(s), 1 hit(s), 0 error(s), 0 left on base; Durham 0 - Belvedere Park 0
TOP OF THE 3RD
Durham Rapiers batting - Pitching for Belvedere Park Rawhides : LHP Earnest Cogan
Batting: RHB Jorge López 0-0: Ball
1-0: Called Strike
1-1: Ball
2-1: Ball
3-1: Base on Balls
Batting: RHB Santo Alba 0-0: Fly out, F8 (Line Drive, 8RM)
Batting: RHB Jesús Martínez 0-0: Fielders Choice at 2nd, 6-4 (Groundball, 6)
Batting: LHB Jesús Morales 0-0: Ball
1-0: Ball
2-0: SINGLE (Flyball, 7LS)
Jesús Martínez to second
Batting: RHB Jules Winnfield 0-0: Ball
1-0: Ball
2-0: Swinging Strike
2-1: Ball
3-1: Base on Balls
Jesús Martínez to third
Jesús Morales to second
Batting: RHB Vincent Klein 0-0: Called Strike
0-1: Fly out, F8 (Flyball, 8RD)
Top of the 3rd over - 0 run(s), 1 hit(s), 0 error(s), 3 left on base; Durham 0 - Belvedere Park 0
BOTTOM OF THE 3RD
Belvedere Park Rawhides batting - Pitching for Durham Rapiers : RHP Jim Unknown
Batting: RHB Marshall Lamar 0-0: Ball
1-0: Ball
2-0: Ball
3-0: Called Strike
3-1: Base on Balls
Batting: RHB Marlon Cummins 0-0: Called Strike
0-1: Fly out, F9 (Flyball, 9S)
Batting: SHB Manuel González 0-0: Ground out 6-3 (Groundball, 6MS)
Marshall Lamar to second
Batting: LHB José Pérez 0-0: Foul Ball, location: 2F
0-1: Ground out 5-3 (Groundball, 56S)
Bottom of the 3rd over - 0 run(s), 0 hit(s), 0 error(s), 1 left on base; Durham 0 - Belvedere Park 0
TOP OF THE 4TH
Durham Rapiers batting - Pitching for Belvedere Park Rawhides : LHP Earnest Cogan
Batting: RHB Sean Godron 0-0: Called Strike
0-1: Reached on error, E5 (Groundball, 56)
Batting: RHB Alberto Rodríguez 0-0: Ball
1-0: Called Strike
1-1: Ball
2-1: SINGLE (Groundball, 56) (infield hit)
Sean Godron to second
Batting: RHB António Díaz 0-0: Ball
1-0: Ball
2-0: Foul Ball, location: 2F
2-1: Foul Ball, location: 2F
2-2: Ball
3-2: Fielders Choice at 2nd, 4-6 (Groundball, 4)
Sean Godron to third
Batting: RHB Jorge López 0-0: Called Strike
António Díaz is caught stealing 2nd base
0-1: Foul Ball, location: 2F
0-2: Ground out 5-3 (Groundball, 5)
Top of the 4th over - 0 run(s), 1 hit(s), 1 error(s), 1 left on base; Durham 0 - Belvedere Park 0
BOTTOM OF THE 4TH
Belvedere Park Rawhides batting - Pitching for Durham Rapiers : RHP Jim Unknown
Batting: RHB Casey Cavell 0-0: Ball
1-0: Ball
2-0: Ball
3-0: Called Strike
3-1: Called Strike
3-2: Foul Ball, location: 2F
3-2: Foul Ball, location: 2F
3-2: Strikes out looking
Batting: LHB António Serrano 0-0: Ball
1-0: Ball
2-0: Ground out U3 (Groundball, 34)
Batting: RHB Hugo Rampley 0-0: Called Strike
0-1: Ball
1-1: Ball
2-1: Ground out 1-3 (Groundball, P)
Bottom of the 4th over - 0 run(s), 0 hit(s), 0 error(s), 0 left on base; Durham 0 - Belvedere Park 0
TOP OF THE 5TH
Durham Rapiers batting - Pitching for Belvedere Park Rawhides : LHP Earnest Cogan
Batting: RHB Santo Alba 0-0: Called Strike
0-1: Swinging Strike
0-2: Strikes out swinging
Batting: RHB Jesús Martínez 0-0: Ball
1-0: Called Strike
1-1: Foul Ball, location: 2F
1-2: Foul Ball, location: 2F
1-2: Ball
2-2: Foul Ball, location: 2F
2-2: Foul Ball, location: 2F
2-2: Ground out 6-3 (Groundball, 6S)
Batting: LHB Jesús Morales 0-0: Ball
1-0: Foul Ball, location: 2F
1-1: Ball
2-1: Ball
3-1: Called Strike
3-2: Reached on error, E4 (Popup, 4)
Batting: RHB Jules Winnfield 0-0: Foul Ball, location: 2F
0-1: Ball
1-1: SINGLE (Line Drive, 4D)
Jesús Morales to second
Batting: RHB Vincent Klein 0-0: Called Strike
0-1: Ball
1-1: Ball
2-1: Foul Ball, location: 2F
2-2: Ball
3-2: Strikes out looking
Top of the 5th over - 0 run(s), 1 hit(s), 1 error(s), 2 left on base; Durham 0 - Belvedere Park 0
BOTTOM OF THE 5TH
Belvedere Park Rawhides batting - Pitching for Durham Rapiers : RHP Jim Unknown
Batting: RHB Jesús Calderón 0-0: Called Strike
0-1: Ball
1-1: Ball
2-1: Ball
3-1: Base on Balls
Batting: RHB Fernando Rutledge 0-0: Swinging Strike
0-1: Bunt - Flyout! F2
Batting: RHB Marshall Lamar 0-0: Ball
1-0: Fly out, F7 (Flyball, 7)
Batting: RHB Marlon Cummins 0-0: Foul Ball, location: 2F
0-1: Ball
1-1: Ball
2-1: Called Strike
2-2: Strikes out swinging
Bottom of the 5th over - 0 run(s), 0 hit(s), 0 error(s), 1 left on base; Durham 0 - Belvedere Park 0
TOP OF THE 6TH
Durham Rapiers batting - Pitching for Belvedere Park Rawhides : LHP Earnest Cogan
Batting: RHB Sean Godron 0-0: Called Strike
0-1: Ball
1-1: Ball
2-1: Foul Ball, location: 2F
2-2: Ball
3-2: Base on Balls
Batting: RHB Alberto Rodríguez 0-0: Sac Bunt - play at first, batter OUT! 1-4
Sean Godron to second
Batting: RHB António Díaz 0-0: Ball
1-0: Called Strike
1-1: Ball
2-1: Fly out, F9 (Flyball, 9LMF)
Batting: RHB Jorge López 0-0: Called Strike
0-1: Ball
1-1: Ball
2-1: Swinging Strike
2-2: Fly out, F8 (Flyball, 78M)
Top of the 6th over - 0 run(s), 0 hit(s), 0 error(s), 1 left on base; Durham 0 - Belvedere Park 0
BOTTOM OF THE 6TH
Belvedere Park Rawhides batting - Pitching for Durham Rapiers : RHP Jim Unknown
Batting: SHB Manuel González 0-0: Swinging Strike
0-1: Ground out 4-3 (Groundball, 4)
Batting: LHB José Pérez 0-0: Ball
1-0: Ball
2-0: Ball
3-0: Called Strike
3-1: Swinging Strike
3-2: Ground out 6-3 (Groundball, 6)
Batting: RHB Casey Cavell 0-0: SINGLE (Flyball, 7LS)
Batting: LHB António Serrano 0-0: Ball
1-0: Called Strike
1-1: Fielders Choice at 2nd, 4-6 (Groundball, 4)
Bottom of the 6th over - 0 run(s), 1 hit(s), 0 error(s), 0 left on base; Durham 0 - Belvedere Park 0
TOP OF THE 7TH
Durham Rapiers batting - Pitching for Belvedere Park Rawhides : LHP Earnest Cogan
Pinch Hitting: SHB Tae-shik Ch'oe 0-0: Fly out, F3 (Popup, 34)
Batting: RHB Jesús Martínez 0-0: Swinging Strike
0-1: SINGLE (Line Drive, 78M)
Pinch Hitting: RHB Luis Martínez 0-0: Called Strike
Jesús Martínez steals 2nd base
0-1: Ball
1-1: Called Strike
1-2: Strikes out swinging
Pitching: RHP Iván Flores
Pinch Hitting: LHB Mayer Röhricht 0-0: Ball
1-0: Swinging Strike
1-1: Ball
2-1: SINGLE (Groundball, 6S) (infield hit)
Jesús Martínez to third
Batting: RHB Vincent Klein 0-0: Ball
1-0: Foul Ball, location: 2F
1-1: Foul Ball, location: 2F
1-2: Ball
2-2: Ground out 5-3 (Groundball, 56S)
Top of the 7th over - 0 run(s), 2 hit(s), 0 error(s), 2 left on base; Durham 0 - Belvedere Park 0
BOTTOM OF THE 7TH
Belvedere Park Rawhides batting - Pitching for Durham Rapiers : RHP Jim Unknown
Now at 3B: Víctor Hernández
Now at SS: Luis Martínez
Now in LF: Tae-shik Ch'oe
Batting: RHB Hugo Rampley 0-0: Ball
1-0: Foul Ball, location: 2F
1-1: Ball
2-1: Foul Ball, location: 2F
2-2: Ball
3-2: SINGLE (Line Drive, 4MD)
Batting: RHB Jesús Calderón 0-0: Sac Bunt - play at first, batter OUT! 1-4
Hugo Rampley to second
Pinch Hitting: RHB Tracy Parker 0-0: Intentional Walk
Pinch Hitting: RHB Ralph McKnight 0-0: Fly out, F8 (Flyball, 8LM)
Pinch Hitting: LHB Jim Unknown 0-0: Called Strike
0-1: Ball
1-1: Fly out, F9 (Flyball, 9LDF)
Bottom of the 7th over - 0 run(s), 1 hit(s), 0 error(s), 2 left on base; Durham 0 - Belvedere Park 0
TOP OF THE 8TH
Durham Rapiers batting - Pitching for Belvedere Park Rawhides : RHP Iván Flores
Now at 2B: Victorino Navarro
Now at 3B: Sancho Rodríguez
Now in LF: Ralph McKnight
Pinch Hitting: LHB Alberto Arredondo 0-0: Ball
1-0: Fly out, F9 (Flyball, 9LM)
Pinch Hitting: SHB Ray Dickey 0-0: Foul Ball, location: 2F
0-1: Called Strike
0-2: Foul Ball, location: 2F
0-2: Foul Ball, location: 2F
0-2: Ball
1-2: Ball
2-2: Foul Ball, location: 2F
2-2: Strikes out looking
Batting: RHB António Díaz 0-0: Ball
1-0: Ball
2-0: Called Strike
2-1: Fly out, F9 (Flyball, 9)
Top of the 8th over - 0 run(s), 0 hit(s), 0 error(s), 0 left on base; Durham 0 - Belvedere Park 0
BOTTOM OF THE 8TH
Belvedere Park Rawhides batting - Pitching for Durham Rapiers : RHP Jim Unknown
Now in LF: Bill Allen
Now in CF: Alberto Arredondo
Batting: SHB Manuel González 0-0: Called Strike
0-1: Ball
1-1: Foul Ball, location: 2F
1-2: Ground out 6-3 (Groundball, 6M)
Batting: LHB José Pérez 0-0: Ball
1-0: Ball
2-0: Foul Ball, location: 2F
2-1: Ground out 4-3 (Groundball, 34)
Batting: RHB Casey Cavell 0-0: Ball
1-0: Fly out, F7 (Flyball, 7LM)
Bottom of the 8th over - 0 run(s), 0 hit(s), 0 error(s), 0 left on base; Durham 0 - Belvedere Park 0
TOP OF THE 9TH
Durham Rapiers batting - Pitching for Belvedere Park Rawhides : RHP Iván Flores
Pitching: RHP Dino Moonglampers
Batting: RHB Jorge López 0-0: Ball
1-0: Foul Ball, location: 2F
1-1: Ball
2-1: Ball
3-1: Foul Ball, location: 2F
3-2: Foul Ball, location: 2F
3-2: Strikes out looking
Batting: SHB Tae-shik Ch'oe 0-0: Swinging Strike
0-1: Swinging Strike
0-2: Ball
1-2: Reached on error, E3 (Groundball, 34)
Batting: RHB Jesús Martínez 0-0: Ball
1-0: Ball
2-0: Ball
3-0: Base on Balls
Tae-shik Ch'oe to second
Batting: RHB Luis Martínez 0-0: Called Strike
0-1: Swinging Strike
0-2: Strikes out swinging
Batting: RHB Víctor Hernández 0-0: Ball
1-0: Ball
Wild Pitch!
Tae-shik Ch'oe to third
Jesús Martínez to second
2-0: Ball
3-0: Called Strike
3-1: Base on Balls
Pitching: RHP Jim Unknown
Batting: RHB Vincent Klein 0-0: Ball
1-0: Fielders Choice at 2nd, 4-6 (Groundball, 4)
Top of the 9th over - 0 run(s), 0 hit(s), 1 error(s), 2 left on base; Durham 0 - Belvedere Park 0
BOTTOM OF THE 9TH
Belvedere Park Rawhides batting - Pitching for Durham Rapiers : RHP Jim Unknown
Pitching: RHP Jim Unknown
Batting: LHB António Serrano 0-0: Called Strike
0-1: Foul Ball, location: 2F
0-2: Ball
1-2: DOUBLE (Line Drive, 9LM)
Batting: RHB Hugo Rampley 0-0: Intentional Walk
Batting: RHB Jesús Calderón 0-0: Foul Ball, location: 2F
0-1: Ball
1-1: Sac Bunt - play at first, batter OUT! U3
António Serrano to third
Hugo Rampley to second
Pinch Hitting: RHB Justin Miles 0-0: Intentional Walk
Batting: RHB Ralph McKnight 0-0: Called Strike
0-1: Foul Ball, location: 2F
0-2: Ball
1-2: Ball
2-2: Foul Ball, location: 2F
2-2: Ball
3-2: Fly out, F9 (Flyball, 9S)
Batting: RHB Victorino Navarro 0-0: Swinging Strike
0-1: Ball
1-1: Foul Ball, location: 2F
1-2: Ball
2-2: Ball
3-2: Strikes out swinging
Bottom of the 9th over - 0 run(s), 1 hit(s), 0 error(s), 3 left on base; Durham 0 - Belvedere Park 0
TOP OF THE 10TH
Durham Rapiers batting - Pitching for Belvedere Park Rawhides : RHP Jim Unknown
Now at 3B: Ed Jozwiak
Batting: LHB Alberto Arredondo 0-0: Ball
1-0: Ball
2-0: Foul Ball, location: 2F
2-1: Swinging Strike
2-2: Strikes out swinging
Batting: RHB Bill Allen 0-0: Called Strike
0-1: Foul Ball, location: 2F
0-2: SINGLE (Line Drive, 9S)
Batting: RHB António Díaz 0-0: Ball
1-0: Ball
2-0: Foul Ball, location: 2F
2-1: Ball
Bill Allen steals 2nd base
3-1: SINGLE (Flyball, 78S)
Bill Allen to third
Batting: RHB Jorge López 0-0: Ball
António Díaz steals 2nd base
1-0: Ball
2-0: Ball
3-0: Called Strike
3-1: Swinging Strike
3-2: Base on Balls
Batting: SHB Tae-shik Ch'oe 0-0: Called Strike
0-1: Ball
1-1: Foul Ball, location: 2F
1-2: Fly out, F8 (Line Drive, 78D)
Runner from 3rd tags up, SCORES, no throw
Batting: RHB Jesús Martínez 0-0: Called Strike
0-1: Called Strike
0-2: Foul Ball, location: 2F
0-2: Ball
1-2: Foul Ball, location: 2F
1-2: Ball
2-2: Ball
3-2: Base on Balls
António Díaz to third
Jorge López to second
Batting: RHB Luis Martínez 0-0: Ball
1-0: Fly out, F8 (Line Drive, 78M)
Top of the 10th over - 1 run(s), 2 hit(s), 0 error(s), 3 left on base; Durham 1 - Belvedere Park 0
BOTTOM OF THE 10TH
Belvedere Park Rawhides batting - Pitching for Durham Rapiers : RHP Jim Unknown
Now at 1B: José Osorio
Batting: SHB Manuel González 0-0: Ball
1-0: Ball
2-0: Ball
3-0: Base on Balls
Batting: LHB José Pérez 0-0: Called Strike
0-1: Called Strike
0-2: Foul Ball, location: 2F
0-2: Foul Ball, location: 2F
0-2: Strikes out swinging
Batting: RHB Casey Cavell 0-0: TRIPLE (Line Drive, 8LXD)
Manuel González scores
Batting: LHB António Serrano 0-0: Intentional Walk
Batting: RHB Hugo Rampley 0-0: SINGLE (Groundball, 4MD)
Casey Cavell scores
Friday, December 30th, 2016 - OOTP Baseball 17.12 Build 75